 Dungeon Crawl Stone Soup version 0.16-a0-3641-g71d4c1b (webtiles) character file.

1789 mdk the Slicer (level 9, -2/59 HPs)
             Began as a Kobold Assassin on Jan 28, 2015.
             Shot with an arrow by a centaur (6 damage)
             ... on level 7 of the Dungeon.
             The game lasted 00:13:58 (5946 turns).

mdk the Slicer (Kobold Assassin)                    Turns: 5946, Time: 00:13:58

Health: -2/59      AC:  9    Str: 10    XL:     9   Next: 29%
Magic:  6/17       EV: 15    Int:  9    God:
Gold:   229        SH:  0    Dex: 20    Spells: 0 memorised, 8 levels left

rFire  . . .     SeeInvis +     b - +0 blowgun
rCold  . . .     Clarity  .     y - +0 ring mail
rNeg   . . .     SustAb   .     (no shield)
rPois  .         Gourm    .     i - +2 helmet
rElec  .         Spirit   .     d - +0 cloak
rCorr  .         Warding  .     (no gloves)
rMut   .         Stasis   .     (no boots)
MR     .....                    (no amulet)
Stlth  +++.......               (no ring)
                                t - ring of see invisible

@: not resistant to hostile enchantments, fairly stealthy
A: carnivore 3
a: no special abilities


You were on level 7 of the Dungeon.
You were full.

You visited 1 branch of the dungeon, and saw 7 of its levels.

You collected 229 gold pieces.

Inventory:

Hand weapons
 a - a +3 antimagic dagger
 b - a +0 blowgun (weapon)
Missiles
 e - 3 poisoned needles (quivered)
 f - 2 curare-tipped needles
 l - 3 throwing nets
 x - 5 steel tomahawks
Armour
 d - a +0 cloak (worn)
 i - a +2 helmet (worn)
 y - a +0 ring mail (worn)
Jewellery
 q - an uncursed amulet of resist mutation {unknown}
 t - a ring of see invisible (left hand)
Magical devices
 r - a wand of draining (4)
 w - a wand of frost (21)
 A - a wand of digging (17)
Scrolls
 j - 2 scrolls of fog
 m - a scroll of remove curse
 s - a scroll of recharging
 u - a scroll of enchant armour
Potions
 k - 3 potions of curing
 n - 2 potions of resistance
 o - 2 potions of restore abilities
 p - 3 potions of heal wounds
 v - 2 potions of cancellation
 z - 2 potions of mutation {unknown}
Books
 B - a book of Annihilations {highlevel, unknown}

   This book is beyond your current level of understanding.

   Spells                             Type                      Level
   a - Poison Arrow                   Conjuration/Poison           6
   b - Chain Lightning                Conjuration/Air              8
   c - Lehudib's Crystal Spear        Conjuration/Earth            8
   d - Glaciate                       Conjuration/Ice              9
   e - Fire Storm                     Conjuration/Fire             9
 C - a book of Flames

   Spells                             Type                      Level
   a - Flame Tongue                   Conjuration/Fire             1
   b - Throw Flame                    Conjuration/Fire             2
   c - Conjure Flame                  Conjuration/Fire             3
   d - Inner Flame                    Hexes/Fire                   3
   e - Sticky Flame                   Conjuration/Fire             4
   f - Fireball                       Conjuration/Fire             5
Comestibles
 c - a slice of pizza
 g - 2 meat rations
 h - 2 royal jellies


   Skills:
 * Level 7.8 Fighting
 * Level 9.4 Short Blades
 - Level 3.6 Throwing
 - Level 4.0 Dodging
 - Level 5.5 Stealth
 * Level 5.4 Evocations


You had 8 spell levels left.
You didn't know any spells.

Dungeon Overview and Level Annotations

Branches:
Dungeon (7/15)
 Temple: D:4-7

Altars:
Dithmenos
Trog
Vehumet

Shops:
D:6 }


Innate Abilities, Weirdness & Mutations

You are small and have problems with some larger weapons.
You are carnivorous and can eat meat at any time.


Message History

The centaur is poisoned.
The centaur is moderately wounded.
The centaur hits you. The scorpion stings you. The centaur hits you.
* * * LOW HITPOINT WARNING * * *
Firing (i - inventory. (,) - cycle):
e - 4 poisoned needles (quivered)
Press: ? - help, Shift-Dir - straight line, f - scorpion, p - centaur
Aim: a scorpion (heavily wounded)
You shoot a poisoned needle. The poisoned needle hits the scorpion!
The scorpion is poisoned.
The scorpion is heavily wounded.
The centaur closely misses you.
The centaur wields an uncursed shortbow.
The centaur shoots an arrow.
The arrow hits you!
* * * LOW HITPOINT WARNING * * *
You kill the scorpion!
The centaur shoots an arrow.
The arrow hits you!
* * * LOW HITPOINT WARNING * * *
You see here an arrow.
The centaur shoots an arrow.
The arrow hits you.
You die...

##...<##.# #........#
##..####..## . ###.)#
##..## #. #####....##
#.(.####.. #.........##
##(........
...........(###..$.......
.......#(†.†c...##...<...
.##...@#((...####......
##........## ##....#
#........# ##c.##
#...###..# #.s) ##...
...# ..#.. #........
##### .#######. # .


You could see a centaur.

Vanquished Creatures
  Pikel (D:6)
  The ghost of soonmide the Prestidigitator, an experienced SpAr (D:4)
  A phantom (D:6)
  An ice beast (D:5)
  A sky beast (D:5)
  An ogre (D:4)
  A centaur (D:6)
  Sigmund (D:2)
  A scorpion (D:7)
  3 hounds
  A crimson imp (D:6)
  A giant frog skeleton (D:5)
  An orc wizard (D:3)
  A worker ant (D:4)
  2 jellies (D:6)
  A hound zombie (D:5)
  A hound skeleton (D:4)
  4 gnolls (D:6)
  9 adders
  A shadow imp (D:5)
  2 giant mites
  2 worms
  An adder skeleton (D:4)
  An adder zombie (D:6)
  7 giant geckos
  4 orcs (D:3)
  9 goblins
  15 hobgoblins
  11 jackals
  2 quokkas (D:5)
  3 ball pythons
  11 bats
  7 giant cockroaches
  A giant gecko zombie (D:5)
  12 giant newts
  13 kobolds
  15 rats
150 creatures vanquished.

Vanquished Creatures (others)
  An orc (D:6)
  A hobgoblin (D:6)
  A goblin (D:6)
3 creatures vanquished.

Grand Total: 153 creatures vanquished

Notes
Turn   | Place    | Note
--------------------------------------------------------------
     0 | D:1      | mdk, the Kobold Assassin, began the quest for the Orb.
     0 | D:1      | Reached XP level 1. HP: 12/12 MP: 1/1
   130 | D:1      | Reached XP level 2. HP: 15/18 MP: 2/2
   496 | D:1      | Reached XP level 3. HP: 22/22 MP: 1/3
  1150 | D:2      | Reached XP level 4. HP: 26/28 MP: 1/4
  1428 | D:2      | Noticed Sigmund
  1456 | D:2      | Killed Sigmund
  1456 | D:2      | Reached skill level 5 in Short Blades
  1456 | D:2      | Reached XP level 5. HP: 15/33 MP: 1/5
  2103 | D:3      | Reached XP level 6. HP: 37/39 MP: 2/6
  3026 | D:4      | Noticed soonmide's ghost (experienced SpAr)
  3063 | D:4      | Killed soonmide's ghost
  3063 | D:4      | Reached skill level 5 in Fighting
  3063 | D:4      | Reached skill level 6 in Short Blades
  3063 | D:4      | Reached XP level 7. HP: 39/44 MP: 2/7
  3236 | D:4      | Reached skill level 7 in Short Blades
  3794 | D:4      | Found a radiant altar of Vehumet.
  3882 | D:5      | Entered Level 5 of the Dungeon
  3904 | D:5      | Reached XP level 8. HP: 27/51 MP: 2/8
  4729 | D:5      | Reached skill level 1 in Evocations
  4856 | D:6      | Noticed Pikel
  4974 | D:6      | Killed Pikel
  4974 | D:6      | Reached skill level 8 in Short Blades
  4974 | D:6      | Reached XP level 9. HP: 30/57 MP: 3/14
  5129 | D:6      | Found a bloodstained altar of Trog.
  5150 | D:6      | Reached skill level 9 in Short Blades
  5284 | D:6      | Found Ihaupaih's Gadget Shop.
  5690 | D:6      | Found a shadowy altar of Dithmenos.
  5813 | D:6      | Reached skill level 5 in Evocations
  5946 | D:7      | Shot with an arrow by a centaur

Action                   |  1- 3 |  4- 6 |  7- 9 || total
-------------------------+-------+-------+-------++-------
Melee: Dagger            |   115 |   229 |   371 ||   715
 Fire: Blowgun           |     2 |     3 |    20 ||    25
Throw: Throwing net      |       |       |     2 ||     2
Evoke: Wand              |       |       |     2 ||     2
  Use: Scroll            |       |    12 |     5 ||    17
       Potion            |       |       |     2 ||     2
 Stab: Sleeping          |    12 |    20 |     3 ||    35
  Eat: Chunk             |     3 |    11 |     8 ||    22
